 Dungeon Crawl Stone Soup version 0.24-a0-439-g6dd8730de2 (webtiles) character file.

Game seed: 10339139038747361367

72 emperorscorpion the Chopper (level 4, -2/35 HPs)
             Began as a Human Berserker on June 18, 2019.
             Was a Believer of Trog.
             Slain by a leopard gecko (3 damage)
             ... on level 4 of the Dungeon.
             The game lasted 00:04:59 (434 turns).

emperorscorpion the Chopper (Human Berserker)        Turns: 434, Time: 00:05:00

Health: -2/35      AC:  7    Str: 19    XL:     4   Next: 50%
Magic:  4/4        EV: 15    Int:  7    God:    Trog [**....]
Gold:   21         SH:  0    Dex: 14    Spells: 3/3 levels left

rFire    . . .     SeeInvis .   a - +0 hand axe
rCold    . . .     Gourm    .   (no shield)
rNeg     . . .     Faith    .   d - +0 scale mail
rPois    .         Spirit   .   g - +0 helmet
rElec    .         Reflect  .   (no cloak)
rCorr    .         Harm     .   (no gloves)
MR       .....                  (no boots)
Stlth    +.........             (no amulet)
HPRegen  0.11/turn              e - -3 ring of dexterity (curse)
MPRegen  0.09/turn              (no ring)

@: agile, berserk cooldown, slowed, very slow
A: no striking features
a: Berserk, Trog's Hand, Renounce Religion


You were on level 4 of the Dungeon.
You worshipped Trog.
Trog was pleased with you.
You were not hungry.

You visited 1 branch of the dungeon, and saw 4 of its levels.

You collected 21 gold pieces.

Inventory:

Hand Weapons
 a - a +0 hand axe (weapon)
Armour
 b - a +0 animal skin
 d - a +0 scale mail (worn)
 g - a +0 helmet (worn)
 i - a +0 chain mail
Jewellery
 e - a cursed -3 ring of dexterity (left hand)
Comestibles
 c - 3 rations
 f - 4 chunks of flesh


   Skills:
 + Level 3.5 Fighting
 + Level 3.9 Axes
 + Level 2.7 Armour
 + Level 2.2 Dodging


You had 3 spell levels left.
You didn't know any spells.
Your spell library was empty.

Dungeon Overview and Level Annotations

Branches:
Dungeon (4/15)
 Temple: D:4-7

Altars:


Message History

The phantom completely misses you. The phantom barely misses you.
You barely miss the leopard gecko. You closely miss the phantom.
The phantom barely misses you. The leopard gecko barely misses you.
The phantom hits you.
* * * LOW HITPOINT WARNING * * *
The leopard gecko bites you but does no damage.
Your scale mail prevents you from hitting the leopard gecko.
The leopard gecko bites you.
* * * LOW HITPOINT WARNING * * *
You completely miss the phantom.
The phantom is lightly damaged.
The phantom hits you!
* * * LOW HITPOINT WARNING * * *
The phantom blinks!
It was a potion of agility.
You feel agile all of a sudden.
The leopard gecko bites you but does no damage.
The leopard gecko misses you. The leopard gecko bites you.
You die...

.#.# #... .....#
... ..... ...##
##..... #...#
#...... #..##.#.##
#.....
#.....W.#####...#
.=#....#lw##...##
#..#..w#@.....<.##
# ..#.##.........#
...
.##...######..# ..
.#....## ...# #
#......# ....
#.###..# ..... #
##.. .... ##. ##..


You could see a phantom, a dart slug and a leopard gecko.

Vanquished Creatures
  A worker ant (D:4)
  Robin (D:3)
  An adder (D:3)
  A leopard gecko (D:3)
  An orc (D:3)
  A giant cockroach (D:3)
  6 goblins (D:3)
  6 hobgoblins
  A quokka (D:2)
  4 bats (D:3)
  A frilled lizard (D:3)
  2 rats
26 creatures vanquished.

Notes
Turn   | Place    | Note
-------+----------+-------------------------------------------
     0 | D:1      | emperorscorpion the Human Berserker began the quest for the
                  | Orb.
     0 | D:1      | Reached XP level 1. HP: 18/18 MP: 1/1
   176 | D:3      | Reached XP level 2. HP: 23/24 MP: 2/2
   210 | D:3      | Noticed Robin
   280 | D:3      | Reached XP level 3. HP: 29/29 MP: 3/3
   289 | D:3      | Killed Robin
   291 | D:3      | Reached ** piety under Trog
   403 | D:3      | Reached XP level 4. HP: 15/35 MP: 4/4
   426 | D:4      | Noticed a phantom
   432 | D:4      | HP: 1/35 [phantom (7)]
   434 | D:4      | Slain by a leopard gecko

Levels and vault maps discovered:
D:1:      minmay_arrival_glassed_features, layout_basic, minmay_door_square
D:2:      layout_basic, first_ration, lemuel_another_geyser
D:3:      layout_loops_ring, uniq_robin
D:4:      layout_layer_cave, old_standard_altar, kennysheep_mini_moat,
          serial_shops, shop, minivault_26, grunt_decor_arrowhead,
          nicolae_gozag_seed_capital, uniq_eustachio

Action                   |  1- 3 |  4- 6 || total
-------------------------+-------+-------++-------
Melee: Hand axe          |    61 |     7 ||    68
Invok: Berserk           |     2 |     1 ||     3
  Use: Scroll            |     2 |       ||     2
       Potion            |       |     1 ||     1
  Eat: Chunk             |       |     1 ||     1
Armor: Scale mail        |    39 |     2 ||    41
Dodge: Dodged            |    45 |     6 ||    51

Table legend:
 A = Non-vault XP
 B = Vault XP
 C = Vault XP percentage of total XP
 D = Non-vault monster count
 E = Vault monster count
 F = Vault count percentage of total count
                 A         B        C        D         E       F
            +---------+---------+-------+---------+---------+-------
      Total |      74 |      30 |  28.8 |      17 |       9 |  34.6
            +---------+---------+-------+---------+---------+-------
        D:1 |       3 |       0 |   0.0 |       2 |       0 |   0.0
        D:2 |       2 |       0 |   0.0 |       1 |       0 |   0.0
        D:3 |      35 |      30 |  46.2 |      13 |       9 |  40.9
        D:4 |      34 |       0 |   0.0 |       1 |       0 |   0.0
            +---------+---------+-------+---------+---------+-------
